Map: Dusk Towers

Players

IIIIIIIIIIII

  • Race: Terran Terran
  • League: Master

Miszu - Winner!

  • Race: Terran Terran
  • League: Master

VOD

Have the link to the VOD?

Description

Time

  • Played on: April 18, 2016, 2:33 p.m.
  • Length: 8:22
Show
View Real Time Build Order
Export as new Build Order

IIIIIIIIIIII Terran 

Build Orders:  

Get SALT Encoding   

  12  0:01  SCV  
  13  0:18  Supply Depot  
  13  0:41  Barracks  
  13  0:53  Barracks  
  13  1:02  Barracks  
  13  1:07  SCV  
  14  1:19  SCV  
  15  1:28  Marine  
  15  1:31  Orbital Command  
  16  1:40  Marine  
  16  1:46  Marine  
  18  1:49  Marine  
  19  1:55  Supply Depot  
  19  1:58  Marine  
  20  2:04  Marine  
  20  2:17  Marine x2  
  17  2:24  Marine  
  18  2:30  SCV  
  18  2:35  Marine  
  19  2:39  Refinery  
  19  2:40  Marine  
  19  2:42  SCV  
  19  2:43  Marine  
  22  2:53  Marine  
  22  2:54  SCV  
  24  2:58  Marine, Refinery  
  25  3:06  SCV  
  25  3:08  Marine  
  25  3:10  Marine  
  28  3:19  Marine  
  29  3:23  SCV  
  30  3:32  Supply Depot  
  30  3:38  Factory  
  30  3:46  SCV  
  31  3:58  SCV  
  32  4:10  SCV  
  33  4:19  Supply Depot  
  33  4:22  Starport, Factory Tech Lab, SCV  
  34  4:34  SCV  
  35  4:39  Engineering Bay  
  35  4:47  SCV  
  35  4:49  Factory Tech Lab  
  36  4:54  Supply Depot  
  36  5:00  SCV  
  36  5:04  Cloaking Field, Banshee  
  40  5:10  Cyclone  
  43  5:19  Missile Turret  
  43  5:25  SCV  
  43  5:37  Marine x2  
  44  5:47  Banshee  
  46  6:03  Missile Turret  
  43  6:06  Marine  
  43  6:07  Marine x2  
  43  6:24  Marine  
  41  6:26  Marine x2  
  41  6:31  SCV  
  41  6:42  Marine  
  41  6:43  Marine  
  43  6:47  Marine  
  42  6:56  SCV  
  42  7:00  Marine  
  44  7:08  Marine, SCV  
  43  7:17  Marine  
  43  7:18  Marine  
  45  7:32  Marine  
  45  7:35  Marine  
  48  7:37  SCV  
  47  7:45  Marine  
  47  7:50  Marine  
  49  7:53  Marine  
Show
View Real Time Build Order
Export as new Build Order

Miszu Terran - Winner!

Build Orders:  

Get SALT Encoding   

  12  0:00  SCV  
  13  0:13  SCV  
  14  0:22  Supply Depot  
  14  0:25  SCV  
  15  0:43  SCV  
  15  0:45  Barracks  
  15  0:48  Refinery  
  15  0:49  Refinery  
  16  0:55  SCV  
  17  1:08  SCV  
  18  1:20  SCV  
  19  1:32  SCV  
  20  1:34  Factory, Marine  
  21  1:48  Bunker  
  21  1:53  Supply Depot, Marine  
  21  2:10  Marine  
  16  2:29  Hellion  
  19  2:33  Orbital Command  
  17  2:50  Hellion  
  19  3:00  SCV  
  20  3:07  Marine  
  22  3:12  SCV  
  22  3:21  Starport  
  22  3:24  SCV  
  23  3:29  Factory Tech Lab  
  23  3:37  SCV  
  24  3:42  Marine  
  25  3:49  SCV  
  26  4:01  SCV  
  28  4:06  Cloaking Field, Banshee  
  31  4:15  Supply Depot, SCV  
  31  4:19  Barracks Reactor  
  31  4:37  SCV  
  32  4:49  SCV, Banshee  
  36  4:54  Supply Depot  
  36  4:57  Factory Tech Lab  
  36  5:03  SCV  
  37  5:15  SCV  
  38  5:21  Command Center  
  38  5:27  SCV  
  42  5:38  Raven  
  42  5:39  SCV  
  42  5:40  Widow Mine  
  42  5:41  Engineering Bay  
  44  5:52  SCV  
  44  5:53  Marine x2  
  47  6:08  Supply Depot  
  47  6:09  Missile Turret  
  47  6:23  SCV  
  45  6:31  Marine x2  
  47  6:33  Viking  
  47  6:35  SCV  
  47  6:39  SCV  
  48  6:51  SCV  
  48  6:56  Siege Tank  
  48  6:58  Orbital Command  
  46  7:03  SCV  
  47  7:15  Marine x2, SCV  
  49  7:23  SCV  
  49  7:27  SCV  
  49  7:28  Viking  
  53  7:34  Marine  
  53  7:35  Marine, SCV  
  56  7:39  SCV  
  57  7:46  Siege Tank  
  57  7:47  SCV  
  61  7:52  SCV  
  61  7:53  Barracks  
  61  7:54  Barracks  
  61  7:55  Supply Depot  
  62  7:59  SCV  
  62  8:04  SCV  
Tags
 
Add a new tag
Caveats
  • Supply blocks, unpowered buildings, or Contaminate may cause inaccurate times.
  • Supply counts are checked every 10 seconds.